 Dungeon Crawl Stone Soup version 0.30.1 (webtiles) character file.

Game seed: 15557835945924052586

95 BreadTh the Sneak (level 4, 0/21 HPs)
             Began as a Spriggan Earth Elementalist on July 6, 2023.
             Slain by Ijyb
             ... wielding a +0 club
              (2 damage)
             ... while paralysed by Ijyb
             ... on level 3 of the Dungeon.
             The game lasted 00:06:37 (2382 turns).

BreadTh the Sneak (Spriggan Earth Elementalist)     Turns: 2382, Time: 00:06:38

Health: 0/21       AC:  2    Str:  4    XL:     4   Next: 40%
Magic:  3/10       EV:  4    Int: 18    God:
Gold:   170        SH:  0    Dex: 15    Spells: 6/10 levels left

rFire   . . .        g - +0 dagger
rCold   . . .        l - orb {*Rage}
rNeg    . . .        a - +0 robe
rPois   .            (helmet restricted)
rElec   .            (no cloak)
rCorr   .            (gloves unavailable)
SInv    +            (boots unavailable)
Will    .....        (no amulet)
Stlth   +++          (no ring)
HPRegen 0.23/turn    (no ring)
MPRegen 0.12/turn

%: random rage (20%)
@: paralysed, very slightly contaminated, very quick
A: very small, no large weapons, unfitting armour, see invisible, speed 3
a: no special abilities


You were on level 3 of the Dungeon.
You visited 1 branch of the dungeon, and saw 3 of its levels.

You collected 170 gold pieces.

Inventory:

Hand Weapons
 g - a +0 dagger (weapon)
 p - a +0 spear
Missiles
 c - a throwing net
 h - 24 stones
 o - 7 poisoned darts
 u - 2 atropa-tipped darts
Armour
 a - a +0 robe (worn)
 l - an orb of wrath (worn)
Jewellery
 j - a ring of protection from fire
Scrolls
 d - 2 scrolls of blinking {unknown}
 e - a scroll of fear {unknown}
 f - 2 scrolls of amnesia {unknown}
 i - 3 scrolls of identify {unknown}
 n - a scroll of noise {unknown}
 r - a scroll of teleportation {unknown}
Potions
 b - a potion of magic
 k - a potion of curing {unknown}
 m - a potion of attraction {unknown}
 q - 2 potions of invisibility {unknown}
 s - a potion of degeneration {unknown}
 t - a potion of flight {unknown}


   Skills:
 + Level 3.6 Dodging
 + Level 4.1 Stealth
 + Level 3.5 Spellcasting
 - Level 2.0 Transmutations
 * Level 3.6 Earth Magic


You had 6 spell levels left.
You knew the following spells:

 Your Spells              Type           Power      Damage    Failure   Level
a - Sandblast             Erth           32%        2d9       3%          1
b - Stone Arrow           Conj/Erth      18%        3d8       22%         3

Your spell library contained the following spells:

 Spells                   Type           Power      Damage    Failure   Level
 Passwall                 Tmut/Erth      10%        N/A       8%          2
 Petrify                  Tmut/Erth      13%        N/A       43%         4
 Animate Dead             Necr           3%         N/A       83%         4
 Borgnjor's Vile Clutch   Necr/Erth      4%         N/A       90%         5
 Death Channel            Necr           1%         N/A       100%        6


Dungeon Overview and Level Annotations

Branches:
Dungeon (3/15)

Altars:

Shops:
D:3 (

Annotations:
D:2 Sigmund
D:3 Ijyb


Innate Abilities, Weirdness & Mutations

You are very small and have problems with some larger weapons.
You are too small for most types of armour.
You have supernaturally acute eyesight. (SInv)
You cover ground extremely quickly. (Speed+++)


Message History

Aiming: Sandblast (safe; 3% risk of failure)
Press: ? - help, Shift-Dir - straight line, f/p - Ijyb
Aim: Ijyb, wielding a +0 club, wearing a +0 scale mail and carrying a wand of paralysis (7) (80% to hit)
The blast of sand misses Ijyb.
The blast of sand hits the kobold!
You kill the kobold!
Ijyb zaps a wand.
You suddenly lose the ability to move!
Ijyb screams, "It's all mine!"
Ijyb hits you with a +0 club. Ijyb hits you with a +0 club. x2
* * * LOW HITPOINT WARNING * * *
Ijyb hits you but does no damage. Ijyb hits you with a +0 club.
* * * LOW HITPOINT WARNING * * *
You can move again.
Unknown command.
Casting: Sandblast (safe; 3% risk of failure)
Confirm with . or Enter, or press ? or * to list all spells.
Okay, then.
Casting: Sandblast (safe; 3% risk of failure)
Confirm with . or Enter, or press ? or * to list all spells.
The spell is extremely dangerous to miscast (22% risk of failure)!
Continue anyway?
Aiming: Stone Arrow (extremely dangerous; 22% risk of failure)
Press: ? - help, Shift-Dir - straight line, f/p - Ijyb
Aim: Ijyb, wielding a +0 club, wearing a +0 scale mail and carrying a wand of paralysis (6) (60% to hit)
You miscast Stone Arrow.
You are very lightly contaminated with residual magic.
Nothing appears to happen.
Ijyb hits you but does no damage.
Casting: Stone Arrow (extremely dangerous; 22% risk of failure)
Confirm with . or Enter, or press ? or * to list all spells.
Aiming: Sandblast (safe; 3% risk of failure)
Press: ? - help, Shift-Dir - straight line, f/p - Ijyb
Aim: Ijyb, wielding a +0 club, wearing a +0 scale mail and carrying a wand of paralysis (6) (80% to hit)
The blast of sand hits Ijyb.
Ijyb is lightly wounded.
Ijyb zaps a wand.
You suddenly lose the ability to move!
Ijyb hits you with a +0 club.
* * * LOW HITPOINT WARNING * * *
Ijyb zaps a wand.
You easily resist.
Ijyb hits you with a +0 club.
You die...

##### ##...# ##8.8.#
###########..∩..######
...)..g@..#.8.8......#
#########.#.#.######.#
#............###
#...#####....... #...#
#.##.#.# ....?.
...##.#.#
###...####.......#
....# #.###.### #.....
#. #.#


You could see Ijyb.

Vanquished Creatures
  A gnoll (D:1)
  3 adders (D:2)
  A dart slug (D:1)
  6 bats
  2 endoplasms
  4 giant cockroaches
  6 goblins
  9 hobgoblins
  2 jackals (D:2)
  5 kobolds
  3 quokkas
  3 ball pythons
  2 frilled lizards
  5 rats
52 creatures vanquished.

Notes
Turn   | Place    | Note
-------+----------+-------------------------------------------
     0 | D:1      | BreadTh the Spriggan Earth Elementalist began the quest for
                  | the Orb.
     0 | D:1      | Reached XP level 1. HP: 9/9 MP: 5/5
   308 | D:1      | Reached XP level 2. HP: 13/13 MP: 4/6
   584 | D:1      | Reached XP level 3. HP: 16/16 MP: 5/8
   871 | D:1      | You fall into a shaft and drop 1 floor!
   906 | D:2      | Noticed Sigmund
  1703 | D:2      | Learned a level 3 spell: Stone Arrow
  1786 | D:2      | Reached XP level 4. HP: 21/21 MP: 7/10
  1912 | D:2      | Reached skill level 4 in Stealth
  2357 | D:3      | Found Hapezot's Weapon Shop.
  2366 | D:3      | Noticed Ijyb
  2373 | D:3      | Paralysed by Ijyb for 5 turns
  2379 | D:3      | Paralysed by Ijyb for 4 turns
  2382 | D:3      | Slain by Ijyb

Illustrated notes

Levels and vault maps discovered:
D:1:      amcnicky_arrival_wind_blow, layout_loops_corners,
          minmay_misc_feat_five
D:2:      layout_loops_corners, uniq_sigmund
D:3:      layout_loops_ring, shapermc_ecumenical_altar_mp_urbaneastern,
          serial_shops, nicolae_shop_tiny_statue_garden,
          nicolae_shop_real_fake_doors, nicolae_shop_tiny_glass, shop, shop,
          uniq_natasha, uniq_terence, uniq_crazy_yiuf_cottage, uniq_ijyb,
          uniq_grinder

Skill      XL: |  1  2  3  4 |
---------------+-------------+-----
Dodging        | 3 |  3.6
Earth Magic    | 3 |  3.6
Spellcasting   | 3 |  3.5
Transmutations | 2 |  2.0
Stealth        | 4 |  4.1

Action                     |  1- 3 |  4- 6 || total
---------------------------+-------+-------++-------
  Melee: Dagger            |     1 |       ||     1
   Cast: Sandblast         |    54 |    20 ||    74
   Stab: Sleeping          |     1 |       ||     1
 Armour: Robe              |     1 |     2 ||     3
  Dodge: Dodged            |     8 |     1 ||     9
